 Dungeon Crawl Stone Soup version 0.31.0-32-g396128a36d (webtiles) character file.

Game seed: 15785915927781391384

41 GiantSquids the Chopper (level 3, 31/31 HPs)
             Began as a Hill Orc Fighter on Apr 17, 2024.
             Was a Follower of Zin.
             Quit the game on level 2 of the Dungeon.
             The game lasted 00:02:24 (971 turns).

GiantSquids the Chopper (Hill Orc Fighter)           Turns: 971, Time: 00:02:24

Health: 31/31      AC:  6    Str: 20    XL:     3   Next: 52%
Magic:  3/3        EV:  9    Int:  8    God:    Zin [*.....]
Gold:   73         SH:  4    Dex: 10    Spells: 2/2 levels left

rFire   . . .        a - +0 war axe
rCold   . . .        c - +0 buckler
rNeg    . . .        b - +0 scale mail
rPois   .            (no helmet)
rElec   .            (no cloak)
rCorr   .            (no gloves)
SInv    .            (no boots)
Will    .....        (no amulet) Stlth
                     (no ring)
HPRegen 0.25/turn    (no ring)
MPRegen 0.08/turn

%: no passive effects
@: no status effects
A: no striking features
a: Renounce Religion, Recite, Donate Gold


You were on level 2 of the Dungeon.
You worshipped Zin.
Zin was aware of your devotion.
You visited 1 branch of the dungeon, and saw 2 of its levels.

You collected 81 gold pieces.
You donated 8 gold pieces to Zin.

Inventory:

Hand Weapons
 a - a +0 war axe (weapon)
Armour
 b - a +0 scale mail (worn)
 c - a +0 buckler (worn)
Scrolls
 e - 2 scrolls of identify {unknown}
 g - a scroll of summoning {unknown}
 h - 2 scrolls of fear {unknown}
 j - 3 scrolls of blinking {unknown}
Potions
 d - a potion of might
 f - 5 potions of curing {unknown}
 i - a potion of magic {unknown}
 k - a potion of ambrosia {unknown}
 l - 2 potions of attraction {unknown}


   Skills:
 - Level 3.6 Fighting
 + Level 5.1 Axes
 - Level 3.2 Armour
 - Level 3.2 Shields


You had 2 spell levels left.
You didn't know any spells.
Your spell library contained the following spells:

 Spells                   Type           Power      Damage    Failure   Level
 Blink                    Tloc           0%         N/A       93%         2
 Lesser Beckoning         Tloc           0%         N/A       93%         2
 Momentum Strike          Conj/Tloc      0%         3d8       93%         2


Dungeon Overview and Level Annotations

Branches:
Dungeon (2/15)

Altars:
Zin


Message History

No target in view!
Found a stone staircase leading down.
h - 2 scrolls labelled ZOINGO HOEL (gained 1)
Found 3 stones.
Found a faded altar of an unknown god.
You now have 81 gold pieces (gained 1).
You see here 3 stones.
There is a faded altar of an unknown god here.
A bat comes into view.
The bat hits you but does no damage.
You miss the bat. The bat hits you but does no damage.
You block the bat's attack. The bat hits you but does no damage.
You closely miss the bat. The bat closely misses you.
You block the bat's attack. You block the bat's attack. x2
You miss the bat. The bat closely misses you. x2
You miss the bat. You block the bat's attack.
The bat hits you but does no damage.
You miss the bat. The bat hits you but does no damage.
You block the bat's attack. The bat hits you. You block the bat's attack.
You closely miss the bat. The bat barely misses you. The bat hits you.
You hit the bat.
The bat is moderately wounded.
You block the bat's attack.
You barely miss the bat.
The bat is moderately wounded.
The bat barely misses you. x2
The bat hits you but does no damage.
You hit the bat.
You kill the bat!
No target in view!
Search for what [? for help]? altar
There is a stone staircase leading up here.
There is a faded altar of an unknown god here.
This altar belongs to (a) Ashenzari, (b) Zin or (c) Trog, but you can't tell which.
Press the corresponding letter to learn more about a god, or press enter to convert or escape to cancel.
Zin accepts your prayer! Zin welcomes you!
You pay a tithe of 8 gold.
You can now donate money to Zin.
You can now recite Zin's Axioms of Law.
Are you sure you want to abandon this character and quit the game? (Confirm with "yes".)

#............##.P.##..##.#.....#
#...........#.......####.#####.#
##..........#P....PP####.#####.#.
#.....†....#.P....P#.##.........
##........#......PP.#########.#.
#........#P.P...P..# #.#.
##.###...#.........# #.#
#.##....#..P.P.P..# #.#
#.#.....#####@##### #.#
...#.....#....(PP..# #.#
.........#..P...PP.# .#
...#.....#..P.PP...#
..>..#...#..P..PP.P#
###.##....#PPP...P#.# ...
#....#.P.....### .##
######...P.PP# .##PPP##.#


There were no monsters in sight!

Vanquished Creatures
  An adder (D:2)
  A ball python (D:1)
  4 endoplasms
  A giant cockroach (D:1)
  3 goblins
  4 hobgoblins
  4 jackals (D:2)
  2 bats
  3 frilled lizards
  A kobold (D:1)
  5 rats
29 creatures vanquished.

Notes
Turn   | Place    | Note
-------+----------+-------------------------------------------
     0 | D:1      | GiantSquids the Hill Orc Fighter began the quest for the
                  | Orb.
     0 | D:1      | Reached XP level 1. HP: 19/19 MP: 1/1
    26 | D:1      | Reached skill level 3 in Axes
   145 | D:1      | Reached XP level 2. HP: 26/26 MP: 2/2
   245 | D:1      | Reached skill level 4 in Axes
   608 | D:2      | Reached XP level 3. HP: 29/31 MP: 3/3
   850 | D:2      | Reached skill level 5 in Axes
   885 | D:2      | Found a faded altar of an unknown god.
   970 | D:2      | Prayed at the altar of an unknown god.
   970 | D:2      | Became a worshipper of Zin the Law-Giver
   970 | D:2      | Reached * piety under Zin
   971 | D:2      | Quit the game

Illustrated notes

Levels and vault maps discovered:
D:1:      sevenhm_arrival_forest_fort_small_4, layout_rooms
D:2:      layout_basic, shapermc_ecumenical_altar_gd, minmay_unequal

Skill      XL: |  1  2  3 |
---------------+----------+-----
Axes           | 3 4 5 |  5.1
Fighting       | |  3.6
Armour         | |  3.2
Shields        | |  3.2

Action                     || total
---------------------------++-------
  Melee: War axe           ||    86
 Armour: Scale mail        ||    68
  Dodge: Dodged            ||    65
  Block: Buckler           ||    27
